 Dungeon Crawl Stone Soup version 0.19.0-20-gbc5f0c6 (webtiles) character file.

26264 Chiseanne the Markself (level 12, -2/68 HPs)
             Began as a Deep Elf Hunter on Nov 17, 2016.
             Was an Initiate of Gozag.
             Slain by a five-headed hydra (4 damage)
             ... on level 4 of the Lair of Beasts.
             The game lasted 00:58:16 (20083 turns).

Chiseanne the Markself (Deep Elf Hunter)           Turns: 20083, Time: 00:58:17

Health: -2/68      AC: 16    Str:  9    XL:     12   Next: 96%
Magic:  14/14      EV:  2    Int: 18    God:    Gozag
Gold:   250        SH:  0    Dex: 22    Spells: 0 memorised, 11 levels left

rFire  . . .     SeeInvis +     w - +8 storm bow {elec}
rCold  + + .     Gourm    .     K - +3 leather armour of the Duchess {rC++}
rNeg   + + +     Faith    .     (shield currently unavailable)
rPois  ∞         Spirit   .     g - +1 helmet
rElec  .         Reflect  .     C - +1 cloak
rCorr  .         Harm     .     D - +1 pair of gloves {Dex+3}
MR     +....                    p - +1 pair of boots
Stlth  +.........               (no amulet)
                                W - ring "Mujor" {SInv Stlth-}
                                r - ring of positive energy

@: lethally poisoned (-2 -> -2), petrified
A: no striking features
a: Potion Petition, Call Merchant, Bribe Branch, Renounce Religion


You were on level 4 of the Lair of Beasts.
You worshipped Gozag.
Gozag was aware of your devotion.
You were not hungry.

You visited 3 branches of the dungeon, and saw 16 of its levels.
You also visited: Ossuary.

You collected 3608 gold pieces.
You spent 1690 gold pieces at shops.
You paid 1668 gold pieces to Gozag.

Inventory:

Hand Weapons
 a - a +1 whip of venom
 s - a +2 falchion of electrocution
 w - the +8 storm bow (weapon) {elec}
   (You bought it in a shop on level 6 of the Dungeon)

   It charges the ammunition it shoots with electricity; occasionally upon a
   hit, such missiles may discharge and cause terrible harm.
 P - the +5 falchion "Hekute" {speed, rPois}
   (You found it on level 10 of the Dungeon)

   Attacks with this weapon are significantly faster.
   It protects you from poison.
Missiles
 b - 5 tomahawks
 c - 364 stones
 d - 98 bolts
 e - 127 sling bullets
 n - 5 needles of paralysis
 q - 248 arrows (quivered)
 M - 52 poisoned needles
Armour
 g - a +1 helmet (worn)
 p - a +1 pair of boots (worn)
 A - a +2 ring mail of fire resistance
 C - a +1 cloak (worn)
 D - a +1 pair of gloves of dexterity (worn)
 K - the +3 leather armour of the Duchess (worn) {rC++}
   (You found it on level 9 of the Dungeon)

   It greatly protects you from cold.
Jewellery
 r - a ring of positive energy (left hand)
 W - the ring "Mujor" (right hand) {SInv Stlth-}
   (You bought it in a shop on level 2 of the Lair of Beasts)

   [ring of loudness]

   It lets you see invisible.
   It makes you less stealthy.
 X - an uncursed ring of fire
Wands
 l - a wand of teleportation (5/9)
 E - a wand of teleportation (2/9)
 H - a wand of digging (5/24)
 S - a wand of iceblast (13/15)
Scrolls
 k - 5 scrolls of teleportation
 o - 4 scrolls of immolation
 t - 2 scrolls of magic mapping
 x - 2 scrolls of identify
 y - 7 scrolls of remove curse
 z - 3 scrolls of blinking
 I - 2 scrolls of recharging
 L - 2 scrolls of amnesia
Potions
 f - a potion of resistance
 h - 5 potions of curing
 i - 2 potions of mutation
 m - 2 potions of berserk rage
 u - a potion of invisibility
 v - 2 potions of agility
 B - 2 potions of flight
 G - 3 potions of might
 U - a potion of ambrosia
 V - a potion of cancellation
 Y - 2 potions of heal wounds
Books
 F - a book of Minor Magic

   Spells                             Type                      Level
   a - Magic Dart                     Conjuration                  1
   b - Blink                          Translocation                2
   c - Call Imp                       Summoning                    2
   d - Repel Missiles                 Charms/Air                   2
   e - Slow                           Hexes                        2
   f - Conjure Flame                  Conjuration/Fire             3
   g - Mephitic Cloud                 Conjuration/Poison/Air       3
 Q - a book of Party Tricks

   Spells                             Type                      Level
   a - Summon Butterflies             Summoning                    1
   b - Apportation                    Translocation                1
   c - Lesser Beckoning               Translocation                3
   d - Tukima's Dance                 Hexes                        3
   e - Alistair's Intoxication        Transmutation/Poison         5
   f - Invisibility                   Hexes                        6
Miscellaneous
 J - a disc of storms
Comestibles
 j - a meat ration
 O - 3 royal jellies
 R - a bread ration
 T - a beef jerky


   Skills:
 - Level 5.2 Fighting
 * Level 16.1 Bows
   Level 6.6 Crossbows
 - Level 7.0 Armour
 * Level 12.1 Dodging
 - Level 1.2 Stealth


You had 11 spell levels left.
You didn't know any spells.

Dungeon Overview and Level Annotations

Branches:
Dungeon (11/15)            Temple (1/1) D:4            Lair (4/6) D:9
 Spider (0/4) Lair:2          Orc (0/2) D:10
  Swamp: Lair:2-4    Shoals: Lair:2-4

Altars:
Cheibriados
Dithmenos
Elyvilon
Fedhas
Gozag
Hepliaklqana
Kikubaaqudgha
Makhleb
Nemelex Xobeh
Okawaru
Qazlal
Ru
Sif Muna
Vehumet
Yredelemnul
Zin
The Shining One

Shops:
D:6 [(*   D:7 %   D:10 =   Lair:2 =

Annotations:
D:3 Chiseanne's ghost, amateur DEHu
D:7 exclusion: steam dragon
Lair:3 exclusion: 2 oklob plants


Message History

The black mamba bites you! The basilisk bites you!
The five-headed hydra bites you!
* * * LOW HITPOINT WARNING * * *
The five-headed hydra bites you.
* * * LOW HITPOINT WARNING * * *
The five-headed hydra bites you.
* * * LOW HITPOINT WARNING * * *
The five-headed hydra bites you but does no damage.
The five-headed hydra bites you.
* * * LOW HITPOINT WARNING * * *
The black mamba bites you!
* * * LOW HITPOINT WARNING * * *
The basilisk bites you!
* * * LOW HITPOINT WARNING * * *
The black mamba bites you.
* * * LOW HITPOINT WARNING * * *
The five-headed hydra bites you but does no damage.
The five-headed hydra bites you!
You die...
Your body crumbles into a pile of gold.

$ .......
#P....# .
#P.... ..
##..PP#.##
##.........
#.......%..
##......... .
#P$@....... .
#...DlS.....(
#...##.l.......
... #.........
P #.........
..P....#..
##....## #
##.#.#


You could see a five-headed hydra, a black mamba, a basilisk and a wyvern.

Vanquished Creatures
  A fire dragon (D:10)
  A hydra (Lair:2)
  2 death yaks (Lair:3)
  A skeletal warrior (D:10)
  2 unseen horrors (D:10)
  6 hill giants (D:10)
  An elephant (Lair:4)
  A black mamba (Lair:3)
  Maurice (D:9)
  4 spiny frogs
  4 komodo dragons
  A hornet (D:11)
  Prince Ribbit (D:8)
  5 blink frogs (Lair:2)
  3 hippogriffs
  2 redbacks (Lair:2)
  A wyvern (D:8)
  3 basilisks
  Grum (D:10)
  18 yaks
  A steam dragon (D:8)
  2 hungry ghosts (D:8)
  A warg (D:10)
  2 water moccasins
  11 porcupines
  3 sky beasts
  3 ice beasts
  6 orc warriors
  2 black bears
  An eye of draining (D:10)
  12 wolves
  3 ogres
  6 phantoms
  7 centaurs
  9 crocodiles
  4 big kobolds
  6 bullfrogs
  A wyvern zombie (D:10)
  A wyvern skeleton (D:9)
  3 scorpions
  17 killer bees
  3 wights (D:7)
  9 howler monkeys
  3 crimson imps
  A bullfrog zombie (D:9)
  3 centaur zombies (D:9)
  2 bullfrog skeletons
  4 hounds
  8 orc priests
  3 jellies (D:10)
  8 orc wizards
  3 centaur skeletons
  Jessica (D:3)
  15 iguanas
  11 worker ants
  2 killer bee zombies
  A hound skeleton (D:10)
  2 hound zombies
  A mummy (D:4)
  14 gnolls
  13 adders
  4 river rats (D:9)
  A shadow imp (D:10)
  5 oozes (D:10)
  An adder skeleton (D:5)
  An adder zombie (D:7)
  2 worms
  2 dart slugs (D:1)
  5 leopard geckos
  36 orcs
  6 giant cockroaches
  6 goblins
  4 hobgoblins
  6 jackals
  2 quokkas
  2 ball pythons
  2 bats (D:1)
  7 frilled lizards
  22 kobolds
  A kobold zombie (Ossuary)
  7 rats
  5 fungi
  12 plants
406 creatures vanquished.

Vanquished Creatures (others)
  A jelly (D:7)
  A bush (Lair:3)
  8 fungi
  4 plants
14 creatures vanquished.

Grand Total: 420 creatures vanquished

Notes
Turn   | Place    | Note
-------+----------+-------------------------------------------
     0 | D:1      | Chiseanne the Deep Elf Hunter began the quest for the Orb.
     0 | D:1      | Reached XP level 1. HP: 12/12 MP: 3/3
   139 | D:1      | Reached XP level 2. HP: 14/16 MP: 4/4
   781 | D:2      | Reached XP level 3. HP: 21/21 MP: 5/5
  1162 | D:2      | Reached skill level 1 in Armour
  1453 | D:3      | Noticed Jessica
  1457 | D:3      | Killed Jessica
  1457 | D:3      | Reached XP level 4. HP: 23/26 MP: 6/6
  1640 | D:3      | Noticed Chiseanne's ghost (amateur DEHu)
  1729 | D:4      | Found a sand-covered staircase.
  1748 | Ossuary  | Entered an ossuary
  2020 | D:4      | Found a staircase to the Ecumenical Temple.
  2036 | Temple   | Entered the Ecumenical Temple
  2043 | Temple   | Became a worshipper of Gozag Ym Sagoz the Greedy
  2152 | D:4      | Found a shadowy altar of Dithmenos.
  2152 | D:4      | Noticed a phantom
  2355 | D:4      | Reached XP level 5. HP: 30/30 MP: 7/7
  2524 | D:4      | Killed a phantom
  2524 | D:4      | Reached skill level 5 in Crossbows
  2797 | D:4      | Reached XP level 6. HP: 36/36 MP: 8/8
  3069 | D:5      | Entered Level 5 of the Dungeon
  3129 | D:5      | Noticed a sky beast
  3355 | D:3      | Found a sacrificial altar of Ru.
  4373 | D:5      | Reached XP level 7. HP: 33/41 MP: 9/9
  5805 | D:6      | Reached skill level 5 in Dodging
  5917 | D:6      | Found Qountaicac's Armour Shoppe.
  5961 | D:5      | Reached XP level 8. HP: 16/46 MP: 10/10
  6553 | D:6      | Bought a +0 pair of gloves of dexterity for 149 gold pieces
  6562 | D:6      | Bought a +2 ring mail of fire resistance for 273 gold pieces
  6918 | D:6      | Found Leinusk's Weapon Boutique.
  6934 | D:6      | Found Sosk's General Store.
  6941 | D:6      | Bought 2 potions of mutation for 55 gold pieces
  6941 | D:6      | Bought a potion of agility for 44 gold pieces
  6941 | D:6      | Bought a scroll of blinking for 82 gold pieces
  7544 | D:7      | Found a hazy altar of Hepliaklqana.
  7660 | D:6      | Reached skill level 1 in Bows
  7741 | D:7      | Reached skill level 2 in Bows
  7864 | D:7      | Found a radiant altar of Vehumet.
  8015 | D:7      | Reached skill level 5 in Armour
  8042 | D:7      | Noticed a hippogriff
  8069 | D:7      | Killed a hippogriff
  8080 | D:7      | Reached skill level 3 in Bows
  8541 | D:7      | Reached XP level 9. HP: 52/52 MP: 11/11
  8690 | D:7      | Found a basalt altar of Yredelemnul.
  8722 | D:7      | Found Peucus's Food Emporium.
  9073 | D:7      | Reached skill level 4 in Bows
  9477 | D:8      | Found a deep blue altar of Sif Muna.
  9783 | D:8      | Reached skill level 5 in Bows
 10118 | D:8      | Noticed Prince Ribbit
 10122 | D:8      | Noticed a komodo dragon
 10351 | D:8      | Reached skill level 6 in Bows
 10358 | D:8      | Reached skill level 5 in Fighting
 10542 | D:8      | Killed Prince Ribbit
 10542 | D:8      | Reached XP level 10. HP: 36/59 MP: 12/12
 10791 | D:8      | Found a snail-covered altar of Cheibriados.
 11254 | D:9      | Found a staircase to the Lair.
 11385 | D:6      | Bought the +8 storm bow {elec} for 814 gold pieces
 11482 | D:9      | Reached skill level 7 in Bows
 11783 | D:9      | Noticed Maurice
 11797 | D:9      | Killed Maurice
 11797 | D:9      | Reached skill level 8 in Bows
 12061 | D:9      | Got a brightly glowing leather armour
 12099 | D:9      | Identified the +3 leather armour of the Duchess {rC++} (You found it on level 9 of the Dungeon)
 12694 | D:9      | Reached skill level 9 in Bows
 13181 | D:10     | Entered Level 10 of the Dungeon
 13229 | D:10     | Reached skill level 10 in Dodging
 13239 | D:10     | Got a brightly glowing falchion
 13243 | D:10     | Identified the +5 falchion "Hekute" {speed, rPois} (You found it on level 10 of the Dungeon)
 13306 | D:10     | Noticed a hill giant
 13309 | D:10     | Killed a hill giant
 13309 | D:10     | Reached XP level 11. HP: 62/64 MP: 13/13
 13517 | D:10     | Noticed a hill giant
 13523 | D:10     | Killed a hill giant
 13523 | D:10     | Reached skill level 10 in Bows
 13914 | D:10     | Found a staircase to the Orcish Mines.
 13916 | D:10     | Noticed a hill giant
 13934 | D:10     | Killed a hill giant
 14154 | D:10     | Bought a cursed -3 ring of dexterity for 30 gold pieces
 14189 | D:10     | Reached skill level 11 in Bows
 14198 | D:10     | Noticed a hill giant
 14333 | D:10     | Killed a hill giant
 14465 | D:10     | Noticed a hill giant
 14468 | D:10     | Killed a hill giant
 14648 | D:10     | Noticed a hill giant
 14649 | D:10     | Noticed Grum
 14651 | D:10     | Noticed a fire dragon
 14667 | D:10     | Killed an unseen horror
 14667 | D:10     | Reached skill level 12 in Bows
 14717 | D:10     | Killed a hill giant
 14874 | D:10     | Killed Grum
 15065 | D:10     | Killed a fire dragon
 15065 | D:10     | Reached skill level 13 in Bows
 15496 | D:10     | Killed an unseen horror
 15739 | D:11     | Noticed a white ugly thing
 15741 | D:11     | Noticed a hill giant
 15794 | D:11     | Noticed a skeletal warrior
 16095 | D:10     | Killed a skeletal warrior
 16170 | D:11     | Noticed a skeletal warrior
 16454 | Lair:1   | Entered Level 1 of the Lair of Beasts
 16468 | Lair:1   | Reached XP level 12. HP: 68/68 MP: 14/14
 17184 | Lair:1   | Reached skill level 14 in Bows
 17772 | Lair:2   | Reached skill level 15 in Bows
 17795 | Lair:2   | Noticed an eight-headed hydra
 17801 | Lair:2   | Killed an eight-headed hydra
 18142 | Lair:2   | Found a hole to the Spider Nest.
 18676 | Lair:2   | Bought the ring "Mujor" {SInv Stlth-} for 243 gold pieces
 19181 | Lair:3   | Noticed a death yak
 19186 | Lair:3   | Noticed a death yak
 19197 | Lair:3   | Noticed a death yak
 19198 | Lair:3   | Noticed a death yak
 19199 | Lair:3   | Noticed a death yak
 19222 | Lair:3   | Killed a death yak
 19225 | Lair:3   | Noticed a death yak
 19228 | Lair:3   | Killed a death yak
 19705 | Lair:4   | Reached skill level 16 in Bows
 20077 | Lair:4   | Noticed a five-headed hydra
 20083 | Lair:4   | HP: 2/68 [black mamba (2)]
 20083 | Lair:4   | Slain by a five-headed hydra

Skill      XL: |  1  2  3  4  5  6  7  8  9 10 11 12 |
---------------+-------------------------------------+-----
Crossbows      | 4 5 6 |  6.6
Armour         | 1 2 3 5 6 7 |  7.0
Dodging        | 3 4 5 6 7 10 12 | 12.1
Fighting       | 2 3 4 5 |  5.2
Bows           | 3 6 9 13 16 | 16.1
Stealth        | |  1.2

Action                   |  1- 3 |  4- 6 |  7- 9 | 10-12 || total
-------------------------+-------+-------+-------+-------++-------
Melee: Short sword       |    79 |    79 |       |       ||   158
       Whip              |       |    56 |   217 |     4 ||   277
       Falchion          |       |       |    94 |   195 ||   289
 Fire: Hand crossbow     |    18 |    69 |   190 |     1 ||   278
       Longbow           |       |       |       |   612 ||   612
Throw: Stone             |       |    21 |       |       ||    21
       Tomahawk          |       |     9 |       |       ||     9
Invok: Call Merchant     |       |       |       |     2 ||     2
       Potion Petition   |       |       |       |     1 ||     1
Evoke: Wand              |       |     2 |     4 |     1 ||     7
  Use: Scroll            |     3 |     8 |     5 |    16 ||    32
       Potion            |       |     7 |     8 |     3 ||    18
 Stab: Sleeping          |     1 |     1 |       |       ||     2
  Eat: Chunk             |     2 |     1 |       |       ||     3
       Fruit             |       |    11 |       |     5 ||    16
       Bread ration      |       |     1 |     4 |       ||     5
       Beef jerky        |       |       |     1 |     2 ||     3
       Meat ration       |       |       |     1 |     2 ||     3
       Royal jelly       |       |       |       |     7 ||     7
       Pizza             |       |       |       |     1 ||     1
Armor: Leather armour    |     4 |       |       |    73 ||    77
       Ring mail         |    28 |    75 |   164 |    49 ||   316
Dodge: Dodged            |    49 |   115 |   308 |   280 ||   752
       Rpst.: Falchion   |       |       |    42 |    20 ||    62
